AoeStats
← john.guargu

Arena

506928962Analyzed
4v4 RM · 17d ago on Sep 15, 2026· 47m 57s· 8 players
Game mode
Random Map
Map size
Large (8 player)
Population
200
Speed
Normal
Resources
Standard
Victory
Conquest
Starting age
Dark Age
Ending age
Imperial Age
RankedLock teamsTeams togetherTeam positionsShared explorationLock speedFull tech treeHidden civsTurbo modeCheats
Victory
Defeat
🇦🇷 Slavs · Argentina
543
+11
521
+12
🇨🇱 Britons · Chile
421
+16
🇪🇸 Franks · Spain
417
+16
🇩🇪 Hindustanis · Germany
527
-17
🇳🇴 Jurchens · Norway
500
-17
🇹🇷 Bohemians · Türkiye
384
-12
🇨🇴 Vikings · Colombia
303
-9
Cap-Royers
2:22 Loom
9:42 Feudal Age
10:15 Double-Bit Axe
11:13 Gold Mining
14:01 Wheelbarrow
16:28 Horse Collar
24:08 Castle Age
24:28 Fletching
24:41 Padded Archer Armor
24:49 Scale Barding Armor
24:59 Heavy Plow
25:24 Bow Saw
25:33 Stone Mining
26:55 Pikeman
28:17 Gold Shaft Mining
33:40 Scale Mail Armor
36:43 Hand Cart
40:19 Bodkin Arrow
40:40 Leather Archer Armor
42:01 Caravan
48:40 Imperial Age
47:08 Chain Mail Armor
47:05 Forging
tribel11
9:56 Feudal Age
11:12 Wheelbarrow
10:24 Double-Bit Axe
15:47 Gold Mining
15:49 Stone Mining
21:45 Castle Age
22:38 Bow Saw
22:46 Hand Cart
23:10 Gold Shaft Mining
22:28 Loom
22:29 Town Watch
22:13 Crossbowman
24:08 Pikeman
29:33 Masonry
29:34 Fortified Wall
30:23 Town Patrol
31:22 Scale Mail Armor
34:12 Imperial Age
33:46 Ballistics
34:53 Heavy Scorpion
35:01 Capped Ram
39:23 Town Patrol
40:00 Architecture
40:35 Elite Skirmisher
45:18 Halberdier
46:02 Squires
47:24 Siege Engineers
愛 (Touhou Project's Version)
0:30 Loom
14:34 Feudal Age
16:05 Double-Bit Axe
20:57 Gold Mining
21:00 Horse Collar
21:40 Stone Mining
23:19 Wheelbarrow
26:53 Castle Age
29:01 Squires
29:38 Gold Shaft Mining
29:12 Husbandry
29:25 Bloodlines
30:56 Fervor
31:51 Caravan
33:22 Heavy Plow
33:34 Bow Saw
34:16 Forging
34:06 Scale Mail Armor
34:12 Scale Barding Armor
34:32 Arson
35:44 Hand Cart
35:15 Town Watch
36:38 Chain Barding Armor
37:12 Iron Casting
37:01 Town Patrol
41:50 Imperial Age
41:33 Ballistics
41:10 Murder Holes
41:25 Fortified Wall
41:55 Capped Ram
42:17 Heavy Camel Rider
44:09 Blast Furnace
43:44 Plate Barding Armor
43:54 Plate Barding Armor
43:30 Siege Ram
49:36 Two-Man Saw
Milli
12:11 Feudal Age
10:27 Loom
13:14 Double-Bit Axe
14:13 Wheelbarrow
15:42 Stone Mining
15:44 Gold Mining
18:48 Castle Age
20:03 Bow Saw
21:07 Gold Shaft Mining
21:44 Hand Cart
30:26 Horse Collar
30:55 Scale Barding Armor
31:00 Caravan
31:19 Bloodlines
31:10 Husbandry
33:32 Chain Barding Armor
33:23 Forging
36:55 Iron Casting
46:13 Imperial Age
45:25 Scale Mail Armor
47:43 Plate Barding Armor
48:09 Blast Furnace
47:39 Elite Boyar
john.guargu
0:57 Loom
11:46 Feudal Age
12:46 Double-Bit Axe
15:34 Horse Collar
22:03 Castle Age
25:00 Gold Mining
25:05 Stone Mining
27:28 Gold Shaft Mining
28:15 Bow Saw
33:06 Heavy Plow
35:17 Pikeman
36:12 Squires
35:58 Arson
36:22 Padded Archer Armor
36:36 Forging
36:27 Scale Mail Armor
37:50 Leather Archer Armor
37:48 Scale Barding Armor
41:44 Crossbowman
43:29 Iron Casting
43:15 Chain Barding Armor
43:11 Chain Mail Armor
42:46 Fletching
45:32 Imperial Age
Varg_1960
2:07 Loom
11:01 Feudal Age
15:57 Double-Bit Axe
23:42 Castle Age
24:39 Gold Mining
26:03 Bloodlines
27:34 Fortified Bastions
28:21 Town Watch
35:14 Husbandry
41:32 Bow Saw
41:57 Scale Barding Armor
45:06 Padded Archer Armor
45:43 Chain Barding Armor
45:37 Forging
pazik
11:21 Feudal Age
12:10 Double-Bit Axe
14:07 Horse Collar
17:55 Wheelbarrow
23:41 Castle Age
25:25 Bow Saw
25:18 Heavy Plow
28:21 Hand Cart
35:53 Pikeman
EK-RockyHunter12
0:43 Loom
13:13 Feudal Age
14:33 Town Watch
18:18 Castle Age
16:49 Man-at-Arms
24:39 Double-Bit Axe
27:01 Murder Holes
27:16 Fortified Wall
27:44 Scale Mail Armor
27:55 Forging
28:38 Bow Saw
28:28 Horse Collar
29:26 Gold Mining
31:19 Wheelbarrow
31:31 Grand Trunk Road
31:35 Heavy Plow
34:16 Gold Shaft Mining
33:32 Stone Mining
34:15 Chain Mail Armor
33:37 Pikeman
38:55 Imperial Age
36:37 Scale Barding Armor
38:30 Husbandry
38:41 Bloodlines
38:55 Chain Barding Armor
39:11 Iron Casting
40:12 Plate Barding Armor
39:02 Heavy Camel Rider
41:03 Chemistry
40:32 Ballistics
41:05 Conscription
42:14 Imperial Camel Rider
44:03 Blast Furnace
Connection lost

Rejoining the realm…

Still unreachable

The connection could not be restored.

Session expired

The server has moved on; the page needs a fresh start.